Map: Battle on the Boardwalk LE

Players

breadmilk

  • Race: Terran Terran
  • Spawn Location: 1:00

Commander - Winner!

  • Race: Zerg Zerg
  • Spawn Location: 11:00

VOD

Have the link to the VOD?

Description

Time

  • Played on: Nov. 30, 2017, 10:09 p.m.
  • Length: 7:42
Show
View Real Time Build Order
Export as new Build Order

breadmilk Terran 

Build Orders:  

Get SALT Encoding   

  12  0:02  SCV  
  13  0:15  SCV  
  14  0:24  Supply Depot  
  14  0:27  SCV  
  15  0:45  SCV  
  16  0:56  Barracks  
  16  0:57  SCV  
  17  1:09  SCV  
  17  1:10  Refinery  
  18  1:21  SCV  
  19  1:31  Refinery  
  19  1:34  SCV  
  20  1:41  Supply Depot  
  20  1:47  Barracks Tech Lab  
  20  1:55  Command Center  
  20  1:59  Orbital Command  
  20  2:08  Reaper  
  21  2:39  Factory  
  21  2:44  SCV  
  22  2:48  Supply Depot  
  22  2:56  SCV  
  22  2:57  Marine  
  24  3:08  SCV  
  25  3:15  Marine, Orbital Command  
  26  3:20  SCV  
  26  3:22  Starport  
  27  3:27  Starport  
  27  3:30  Factory Reactor  
  27  3:32  SCV  
  27  3:41  Orbital Command  
  27  3:44  SCV  
  28  3:57  Refinery  
  28  4:00  Starport Tech Lab  
  28  4:03  Refinery  
  28  4:06  Starport  
  26  4:15  Hellion x2  
  29  4:25  Banshee  
  28  4:57  Starport Tech Lab  
  28  4:59  Marine  
  25  5:07  Starport Tech Lab  
  23  5:17  Marine  
  23  5:18  Orbital Command  
  23  5:28  Viking  
  25  5:32  Raven  
  27  6:10  Marine  
  28  6:13  Hellion x2  
  30  6:28  Marine  
  30  6:31  Banshee  
Show
View Real Time Build Order
Export as new Build Order

Commander Zerg - Winner!

Build Orders: 3 Hatch before Pool 

Get SALT Encoding   

  12  0:18  Drone x2  
  12  0:19  Overlord  
  14  0:41  Drone x2  
  16  1:04  Drone x2  
  18  1:35  Hatchery  
  18  1:39  Drone x2  
  19  2:04  Hatchery  
  18  2:10  Extractor, Drone x2  
  18  2:12  Spawning Pool  
  18  2:15  Drone  
  19  2:35  Overlord x2  
  19  2:49  Drone  
  21  2:51  Drone  
  21  3:03  Zergling x2  
  21  3:16  Zergling x2  
  21  3:20  Zergling x2  
  21  3:24  Zergling x6  
  25  3:39  Zergling x6  
  28  3:42  Zergling x4  
  30  3:54  Lair  
  30  3:56  Pneumatized Carapace  
  30  3:57  Drone x2  
  30  3:58  Drone  
  31  4:39  Zergling x6  
  29  5:33  Hydralisk Den  
  28  6:05  Hydralisk x2  
  28  6:06  Hydralisk  
  29  6:57  Hydralisk x3  
  29  7:00  Drone x2  
  29  7:01  Drone  
  38  7:06  Extractor  
Tags
 
Add a new tag
Caveats
  • Supply blocks, unpowered buildings, or Contaminate may cause inaccurate times.
  • Supply counts are checked every 10 seconds.